AoeStats
← 用户1623433

Arena

508606264Analyzed
4v4 RM · 11d ago on Sep 23, 2026· 13m 34s· 8 players
Game mode
Random Map
Map size
Large (8 player)
Population
200
Speed
Normal
Resources
Standard
Victory
Conquest
Starting age
Dark Age
Ending age
Imperial Age
RankedLock teamsTeams togetherTeam positionsShared explorationLock speedFull tech treeHidden civsTurbo modeCheats
Victory
Defeat
🇨🇳 Tupi · China
1127
+13
🇨🇳 Teutons · China
1126
+13
🇨🇳 Spanish · China
1122
+13
🇨🇳 Persians · China
1014
+17
🇨🇦 Japanese · Canada
1128
-17
🇺🇸 Lithuanians · United States
1064
-14
🇲🇽 Varangians · Mexico
1046
-14
🇩🇰 Danes · Denmark
986
-11
The Priest1783
11:09 Feudal Age
Joserro
2:05 Loom
Blitz818
Burger Meister
用户1623433
11:35 Feudal Age
15:41 Castle Age
三条柒
5:32 Loom
10:06 Feudal Age
11:15 Double-Bit Axe
juju9292
8:46 Loom
10:58 Feudal Age
11:42 Double-Bit Axe
11:40 Horse Collar
岚天神风
10:40 Feudal Age
14:35 Castle Age
13:11 Double-Bit Axe
13:40 Horse Collar
Connection lost

Rejoining the realm…

Still unreachable

The connection could not be restored.

Session expired

The server has moved on; the page needs a fresh start.